 Dungeon Crawl Stone Soup version 0.18.1-8-gdd0e5ea (webtiles) character file.

1885 Mefis the Magician (level 8, -2/44 HPs)
             Began as a Deep Elf Wizard on May 21, 2016.
             Slain by pipel's ghost (11 damage)
             ... on level 7 of the Dungeon.
             The game lasted 00:29:02 (10190 turns).

Mefis the Magician (Deep Elf Wizard)               Turns: 10190, Time: 00:29:02

Health: -2/44      AC:  2    Str:  4    XL:     8   Next: 92%
Magic:  10/19      EV: 15    Int: 28    God:
Gold:   308        SH:  0    Dex: 15    Spells: 7 memorised, 4 levels left

rFire  + + .     SeeInvis +     D - +0 hunting sling
rCold  . . .     Gourm    .     a - +0 robe
rNeg   . . .     Faith    .     (no shield)
rPois  .         Spirit   .     b - +0 hat
rElec  .         Dismiss  .     (no cloak)
rCorr  .         Reflect  .     (no gloves)
SustAt .         Harm     .     (no boots)
MR     .....                    (no amulet)
Stlth  ++........               G - ring of protection from fire
                                p - ring of see invisible

@: very slightly contaminated, hasted, glowing, repel missiles, very quick, not
resistant to hostile enchantments, unstealthy
A: agile 1, clever 1, fire resistance 1
a: no special abilities


You were on level 7 of the Dungeon.
You were not hungry.

You visited 1 branch of the dungeon, and saw 7 of its levels.

You collected 308 gold pieces.

Inventory:

Hand Weapons
 h - a +0 dagger
 l - a +2 dagger of flaming
 t - a +1 dagger of venom
 w - a +0 blowgun
 D - a +0 hunting sling (weapon)
 F - a +2 glaive of venom
 K - a cursed +1 long sword
Missiles
 g - 36 bolts
 v - 46 arrows
 x - 40 sling bullets (quivered)
 y - 4 tomahawks
Armour
 a - a +0 robe (worn)
 b - a +0 hat (worn)
Jewellery
 p - a ring of see invisible (left hand)
 G - a ring of protection from fire (right hand)
Scrolls
 e - 5 scrolls of remove curse
 f - a scroll of random uselessness {unknown}
 i - 4 scrolls of immolation
 j - 8 scrolls of identify
 n - a scroll of enchant armour {unknown}
 r - 3 scrolls of teleportation {unknown}
 E - 2 scrolls of fear {unknown}
 J - a scroll of fog {unknown}
Potions
 m - a potion of berserk rage {unknown}
 q - 2 potions of curing
 s - a potion of might {unknown}
 u - 2 potions of degeneration {unknown}
 A - 2 potions of mutation {unknown}
 B - a potion of lignification {unknown}
 C - a potion of invisibility {unknown}
 I - a potion of flight {unknown}
Books
 c - a book of Minor Magic

   Spells                             Type                      Level
   a - Magic Dart                     Conjuration                  1
   b - Blink                          Translocation                2
   c - Call Imp                       Summoning                    2
   d - Repel Missiles                 Charms/Air                   2
   e - Slow                           Hexes                        2
   f - Conjure Flame                  Conjuration/Fire             3
   g - Mephitic Cloud                 Conjuration/Poison/Air       3
Comestibles
 d - 4 bread rations
 o - a fruit
 z - a beef jerky
 H - 2 royal jellies


   Skills:
 + Level 2.2 Fighting
 + Level 3.1 Short Blades
 + Level 5.7 Dodging
 + Level 5.5 Stealth
 + Level 6.4 Spellcasting
 + Level 4.7 Conjurations
 + Level 2.4 Hexes
 + Level 4.1 Summonings
 - Level 1.1 Translocations
 + Level 3.4 Fire Magic
 + Level 4.0 Poison Magic


You had 4 spell levels left.
You knew the following spells:

 Your Spells              Type           Power        Failure   Level  Hunger
a - Magic Dart            Conj           ####         1%          1    None
b - Call Imp              Summ           ####....     1%          2    None
c - Blink                 Tloc           N/A          8%          2    None
d - Repel Missiles        Chrm/Air       #.....       10%         2    None
e - Mephitic Cloud        Conj/Pois/Air  ####....     6%          3    None
f - Conjure Flame         Conj/Fire      ####....     3%          3    None
g - Slow                  Hex            ###.....     3%          2    None


Dungeon Overview and Level Annotations

Branches:
Dungeon (7/15)
 Temple: D:4-7

Altars:
Elyvilon
Fedhas
Gozag
Kikubaaqudgha
Qazlal
Trog
Vehumet
Zin
The Shining One

Annotations:
D:6 Menkaure
D:7 pipel's ghost, novice SpEn


Innate Abilities, Weirdness & Mutations

You are agile. (Dex +2)
Your mind is acute. (Int +2)
Your flesh is heat resistant.


Message History

You feel better. Pipel's ghost hits you.
* * * LOW HITPOINT WARNING * * *
x2 Drink which item? (? for menu, Esc to quit)
You feel yourself speed up.
Pipel's ghost hits you but does no damage.
You are very lightly contaminated with residual magic.
Pipel's ghost hits you.
* * * LOW HITPOINT WARNING * * *
x2 You are no longer glowing.
Pipel's ghost casts a spell at you. You resist with significant effort.
There is an open door here.
Pipel's ghost screams, "Don't try to defend!
You have no chance!"
Pipel's ghost points at you and mumbles some strange words.
You fall asleep.
Pipel's ghost gestures at you while chanting.
You are outlined in light.
Pipel's ghost misses you. Pipel's ghost hits you!
You wake up.
You die...

.........#####ยง#
......#### #.#
..... ####.# ....
#....# ... #.####
.. #######W# #
#.......#
#####.#######
#......@W..#
#...##.#..#.######
#.. #.#..#.#....#
#. #.#..#......# #
#.##.####...#
#.##...W'...#
#...#.###...#
#.###.# #...#
#.#...# #...#


You could see pipel's ghost.

Vanquished Creatures
  A centaur zombie (D:7)
  A sky beast (D:5)
  2 ice beasts (D:7)
  A phantom (D:4)
  A black bear (D:6)
  A centaur (D:6)
  Blork the orc (D:5)
  A giant frog (D:7)
  2 scorpions
  2 jellies
  4 wights (D:6)
  A howler monkey (D:5)
  A crimson imp (D:5)
  An orc priest (D:3)
  A centaur skeleton (D:4)
  An orc wizard (D:4)
  An iguana (D:5)
  3 worker ants
  3 gnolls (D:5)
  13 adders
  A shadow imp (D:5)
  3 worms
  2 dart slugs (D:1)
  7 giant geckos
  22 orcs
  5 giant cockroaches
  8 goblins
  13 hobgoblins
  13 jackals
  2 quokkas
  A ball python skeleton (D:5)
  15 bats
  8 giant newts
  A jackal skeleton (D:4)
  12 kobolds
  A quokka skeleton (D:4)
  3 rats (D:1)
159 creatures vanquished.

Vanquished Creatures (collateral kills)
  A giant gecko (D:2)
  3 orcs (D:3)
  A goblin (D:3)
  2 jackals (D:2)
7 creatures vanquished.

Grand Total: 166 creatures vanquished

Notes
Turn   | Place    | Note
--------------------------------------------------------------
     0 | D:1      | Mefis the Deep Elf Wizard began the quest for the Orb.
     0 | D:1      | Reached XP level 1. HP: 10/10 MP: 7/7
   266 | D:1      | Reached XP level 2. HP: 15/15 MP: 6/9
   270 | D:1      | Learned a level 2 spell: Call Imp
   273 | D:1      | Learned a level 2 spell: Blink
   276 | D:1      | Learned a level 2 spell: Repel Missiles
  1121 | D:1      | Reached XP level 3. HP: 19/19 MP: 6/11
  1126 | D:1      | Learned a level 3 spell: Mephitic Cloud
  2253 | D:2      | Found a radiant altar of Vehumet.
  2292 | D:2      | Reached skill level 1 in Poison Magic
  2292 | D:2      | Reached XP level 4. HP: 24/24 MP: 5/12
  2509 | D:2      | Reached skill level 5 in Spellcasting
  3447 | D:3      | Found a blossoming altar of Fedhas.
  3456 | D:3      | Found a stormy altar of Qazlal.
  3456 | D:3      | Found an ancient bone altar of Kikubaaqudgha.
  3457 | D:3      | Found a bloodstained altar of Trog.
  3458 | D:3      | Found a glowing silver altar of Zin.
  3460 | D:3      | Found a white marble altar of Elyvilon.
  3505 | D:3      | Reached XP level 5. HP: 28/28 MP: 5/14
  4841 | D:3      | Learned a level 3 spell: Conjure Flame
  5025 | D:3      | Found a glowing golden altar of the Shining One.
  5397 | D:4      | Reached skill level 1 in Fire Magic
  5529 | D:4      | Reached XP level 6. HP: 16/32 MP: 5/15
  5549 | D:4      | Learned a level 2 spell: Slow
  7040 | D:4      | Reached skill level 1 in Short Blades
  7252 | D:5      | Entered Level 5 of the Dungeon
  7273 | D:5      | Reached XP level 7. HP: 37/37 MP: 4/17
  7552 | D:5      | Gained mutation: Your mind is acute. (Int +2) [mutagenic meat]
  7553 | D:5      | Gained mutation: Your flesh is heat resistant. [mutagenic meat]
  7554 | D:5      | Gained mutation: You are agile. (Dex +2) [mutagenic meat]
  7777 | D:5      | Reached skill level 1 in Fighting
  8204 | D:5      | Noticed Blork the orc
  8373 | D:5      | Killed Blork the orc
  8909 | D:6      | Found an opulent altar of Gozag.
  8975 | D:6      | Reached XP level 8. HP: 43/43 MP: 9/18
  9097 | D:6      | Reached skill level 5 in Dodging
  9321 | D:6      | Reached skill level 1 in Hexes
  9327 | D:6      | Reached skill level 5 in Stealth
  9525 | D:6      | Reached skill level 6 in Spellcasting
  9541 | D:6      | Noticed Menkaure
 10120 | D:7      | Noticed pipel's ghost (novice SpEn)
 10190 | D:7      | Slain by pipel's ghost

Skill      XL: |  1  2  3  4  5  6  7  8 |
---------------+-------------------------+-----
Dodging        | 3 4 5 |  5.7
Stealth        | 3 4 5 |  5.5
Conjurations   | 2 3 4 |  4.7
Summonings     | 2 3 4 |  4.1
Poison Magic   | 1 2 3 4 |  4.0
Spellcasting   | 5 6 |  6.4
Fire Magic     | 1 2 3 |  3.4
Short Blades   | 1 2 3 |  3.1
Fighting       | 1 2 |  2.2
Hexes          | 2 |  2.4
Translocations | |  1.1

Action                   |  1- 3 |  4- 6 |  7- 9 || total
-------------------------+-------+-------+-------++-------
Melee: Unarmed           |     8 |       |       ||     8
       Dagger            |    12 |    50 |    27 ||    89
 Fire: Hunting sling     |       |       |    32 ||    32
 Cast: Magic Dart        |   108 |   250 |   170 ||   528
       Repel Missiles    |     2 |     1 |       ||     3
       Call Imp          |     3 |     8 |     1 ||    12
       Blink             |       |     4 |       ||     4
       Mephitic Cloud    |       |    10 |     7 ||    17
       Conjure Flame     |       |     1 |    11 ||    12
  Use: Scroll            |       |     5 |       ||     5
       Potion            |       |       |     2 ||     2
 Stab: Sleeping          |     3 |     2 |     4 ||     9
       Confused          |       |     1 |       ||     1
  Eat: Chunk             |     3 |    14 |    10 ||    27
       Pizza             |       |     1 |       ||     1
       Bread ration      |       |       |     1 ||     1
Armor: Robe              |     9 |    11 |     4 ||    24
Dodge: Dodged            |    32 |    74 |    36 ||   142
       Deflected         |     3 |       |     2 ||     5
